 Dungeon Crawl Stone Soup version 0.21-a0-525-ga34b322 (webtiles) character file.

273 Firecrotchwizard the Ducker (level 6, 0/41 HPs)
             Began as a Merfolk Ice Elementalist on Dec 8, 2017.
             Slain by an ogre
             ... wielding a +0 giant club
              (7 damage)
             ... on level 4 of the Dungeon.
             The game lasted 00:12:36 (5093 turns).

Firecrotchwizard the Ducker (MfIE)                  Turns: 5093, Time: 00:12:37

Health: 0/41       AC: 11    Str:  8    XL:     6   Next: 24%
Magic:  14/18      EV: 13    Int: 18    God:
Gold:   234        SH:  0    Dex: 20    Spells: 3/9 levels left

rFire    . . .     SeeInvis .   f - +2 dagger (venom)
rCold    . . .     Gourm    .   (no shield)
rNeg     . . .     Faith    .   n - +1 leather armour
rPois    +         Spirit   .   (no helmet)
rElec    .         Reflect  .   (no cloak)
rCorr    .         Harm     .   (no gloves)
MR       +....     Clarity  +   (no boots) Stlth ++........NoTele +
                                (no amulet)
HPRegen  0.13/turn              s - ring of protection from magic {MR+, !d}
MPRegen  0.16/turn              y - ring of Waxuolo {-Tele +Fly rPois MP+9 Dex+5}

@: icy armour, heavily drained, slow
A: change form in water, swift swim, stealthy swim, molten scales 1, clarity,
clever 1
a: Evoke Flight


You were on level 4 of the Dungeon.
You were not hungry.

You visited 1 branch of the dungeon, and saw 4 of its levels.

You collected 234 gold pieces.

Inventory:

Hand Weapons
 e - a +0 dagger
   (You took it off a goblin on level 1 of the Dungeon)
 f - a +2 dagger of venom (weapon)
   (You took it off a kobold on level 2 of the Dungeon)
 r - a +5 dagger
   (You took it off a kobold on level 2 of the Dungeon)
Armour
 n - a +1 leather armour (worn)
   (You found it on level 1 of the Dungeon)
Jewellery
 s - a ring of protection from magic (left hand) {MR+, !d}
   (You found it on level 2 of the Dungeon)
 y - the ring of Waxuolo (right hand) {-Tele +Fly rPois MP+9 Dex+5}
   (You found it on level 4 of the Dungeon)

   [ring of magical power]

   It affects your dexterity (+5).
   It protects you from poison.
   It affects your magic capacity (+9).
   It lets you fly.
   It prevents most forms of teleportation.
Wands
 a - a wand of paralysis (11)
   (You found it on level 2 of the Dungeon)
Scrolls
 i - 2 scrolls of amnesia
 j - a scroll of magic mapping {!r}
 k - 2 scrolls of teleportation
 o - a scroll of blinking {!r}
 w - a scroll of fear {unknown}
Potions
 g - a potion of agility {unknown}
 h - a potion of invisibility {unknown}
 m - 2 potions of heal wounds {unknown}
 p - a potion of magic {unknown}
 q - a potion of degeneration {unknown}
 t - a potion of haste {unknown}
 v - a potion of curing
 x - a potion of lignification {unknown}
Books
 b - a book of Frost
Comestibles
 c - 3 bread rations {@e1}
 d - 3 chunks of flesh {@w0}
 l - 3 meat rations {@e2}
 u - a royal jelly


   Skills:
 + Level 4.9(3.5) Dodging
 - Level 2.1(0.8) Stealth
 - Level 2.0(0.7) Spellcasting
 - Level 2.0(0.7) Conjurations
 * Level 3.2(1.9) Charms
 + Level 4.8(3.4) Ice Magic


You had 3 spell levels left.
You knew the following spells:

 Your Spells              Type           Power        Failure   Level  Hunger
a - Freeze                Ice            ##..         8%          1    ##.....
x - Throw Frost           Conj/Ice       #.....       21%         2    ###....
A - Ozocubu's Armour      Chrm/Ice       ##......     30%         3    ####...


Dungeon Overview and Level Annotations

Branches:
Dungeon (4/15)
 Temple: D:4-7

Altars:
Makhleb
Xom
Zin

Annotations:
D:2 exclusion: adder


Innate Abilities, Weirdness & Mutations

You revert to your normal form in water.
You are very nimble and swift while swimming.
You are very stealthy in the water. (Stealth+)
You are partially covered in molten scales. (AC +2)
You possess an exceptional clarity of mind.
Your mind is acute. (Int +2)


Message History

The worker ant twitches its antennae in your direction.
You see here a glowing citrine amulet.
z - a glowing citrine amulet
Aim: a worker ant You freeze the worker ant.
The worker ant bites you. The worker ant barely misses you.
You take 6 damage, and have 35/41 hp.
You now have 17/18 mp.
You hit the worker ant but do no damage.
The worker ant is poisoned.
The worker ant waves its antennae.
The worker ant bites you!
You take 7 damage, and have 28/41 hp.
You barely miss the worker ant. The worker ant bites you.
You take 2 damage, and have 26/41 hp.
You barely miss the worker ant. The worker ant misses you.
You hit the worker ant but do no damage.
The worker ant looks as sick as possible!
You kill the worker ant!
Your base Charms skill increases to level 3!
You start resting.
Eating one of 2 chunks of flesh {@w0}.
You eat one of the 2 chunks of flesh {@w0}.
All of the chunks of flesh in your inventory have rotted away.
Health restored: 41; MP restored: 18
Okay, then.
Oops, that amulet feels deathly cold.
z - a cursed amulet of inaccuracy (around neck)
As you read the scroll of remove curse, it crumbles to dust.
You feel as if something is helping you.
Drop what? 24/52 slots (_ for help) (? for menu, Esc to quit)
You remove your amulet of inaccuracy.
You drop an uncursed amulet of inaccuracy.
You butcher the worker ant corpse.
d - 3 chunks of flesh {@w0}
There is a stone staircase leading up here.
w - a scroll labeled JUM FAURIHUE You now have 234 gold pieces (gained 19).
Found a stone staircase leading down.
Found a stone staircase leading down.
A worker ant comes into view.
The worker ant twitches its antennae in your direction.
The worker ant bites you but does no damage.
You hit the worker ant but do no damage.
The worker ant is poisoned.
The worker ant waves its antennae.
The worker ant closely misses you.
You hit the worker ant. The worker ant barely misses you.
You hit the worker ant.
The worker ant looks as sick as possible!
The worker ant closely misses you.
You hit the worker ant but do no damage.
The worker ant looks as sick as possible!
The worker ant bites you. x2
A jackal comes into view.
You take 9 damage, and have 32/41 hp.
MASSIVE DAMAGE!!
The jackal barks!
You hit the worker ant but do no damage.
The worker ant looks as sick as possible!
You hear a shout!
You kill the worker ant!
A jackal comes into view.
A jackal comes into view.
You hit the jackal.
The jackal is poisoned.
The jackal bites you but does no damage.
The jackal closely misses you.
An ogre comes into view. It is wielding a giant club.
You closely miss the jackal.
The jackal bites you but does no damage.
You closely miss the jackal. The jackal barely misses you.
The jackal bites you but does no damage.
You hit the jackal.
You kill the jackal!
You hit the jackal. The jackal misses you. The jackal closely misses you.
You hit the jackal but do no damage.
The jackal is poisoned.
The jackal barely misses you.
You hit the jackal.
You kill the jackal!
The jackal barely misses you. A film of ice covers your body!
The jackal bites you but does no damage.
You now have 15/18 mp.
You hit the jackal.
The jackal is poisoned.
You kill the jackal!
Aim: an ogre, wielding a giant club You freeze the ogre.
The ogre completely misses you.
You now have 14/18 mp.
Aim: an ogre, wielding a giant club (lightly wounded)
You freeze the ogre. The ogre closely misses you.
You now have 13/18 mp.
Aim: an ogre, wielding a giant club (moderately wounded)
You freeze the ogre. The ogre hits you with a giant club!!
Ouch! That really hurt!
* * * LOW HITPOINT WARNING * * *
You take 29 damage, and have 5/41 hp.
MASSIVE DAMAGE!!
You now have 12/18 mp.
You see here a worker ant corpse.
The ogre hits you with a giant club!
You die...

..###..................#
..........................
###########........###..#### .#
##..##.#.# ....## .#####
.........### ##..# .....#
###.###.#...# #...# ####.###.# #.
#.....# ##...####.
#.....###.####....###..†..†...
#####...........@O..........###..
#.....######..####..........#
..###########.# #...##.##...(#
.## #.........# #...##.####....#
#####.#######.####...##.####.....
.................................
##.#.##.#####..########.####...#.
#.##.#..# ##.## ..# #..#
#.#.##..# #..# .##


You could see an ogre.

Vanquished Creatures
  The ghost of Manman the Poker, a weakling DgSk (D:3)
  An orc wizard (D:3)
  3 worker ants (D:4)
  3 adders
  An ooze (D:3)
  4 worms
  3 dart slugs (D:1)
  4 leopard geckos
  9 orcs (D:3)
  8 bats
  4 giant cockroaches
  5 goblins
  5 hobgoblins
  7 jackals
  7 frilled lizards
  8 kobolds
  6 rats
79 creatures vanquished.

Notes
Turn   | Place    | Note
-------+----------+-------------------------------------------
     0 | D:1      | Firecrotchwizard the Merfolk Ice Elementalist began the quest for the Orb.
     0 | D:1      | Reached XP level 1. HP: 13/13 MP: 3/3
   117 | D:1      | Reached skill level 3 in Dodging
   117 | D:1      | HP: 2/13 [dart slug/slug dart (3)]
   122 | D:1      | Reached XP level 2. HP: 2/19 MP: 0/5
   545 | D:1      | Learned a level 2 spell: Throw Frost
   841 | D:1      | Reached skill level 1 in Conjurations
  1107 | D:1      | Reached XP level 3. HP: 24/24 MP: 6/6
  1411 | D:1      | Learned a level 3 spell: Ozocubu's Armour
  1710 | D:2      | HP: 5/24 [frilled lizard (2)]
  2146 | D:2      | Gained mutation: You possess an exceptional clarity of mind. [potion of mutation]
  2146 | D:2      | Gained mutation: Your mind is acute. (Int +2) [potion of mutation]
  2146 | D:2      | Gained mutation: You are partially covered in molten scales. (AC +2) [potion of mutation]
  2152 | D:2      | HP: 6/24 [poisoned by a kobold]
  2275 | D:2      | Found a faded altar of an unknown god.
  2309 | D:2      | Reached skill level 4 in Ice Magic
  2343 | D:2      | Found a burning altar of Makhleb.
  2482 | D:2      | Reached XP level 4. HP: 27/30 MP: 5/7
  3290 | D:3      | Reached skill level 4 in Dodging
  3290 | D:3      | Reached skill level 2 in Conjurations
  3329 | D:3      | Noticed Manman's ghost (weakling DgSk)
  3584 | D:3      | Reached skill level 1 in Charms
  3584 | D:3      | Reached XP level 5. HP: 15/35 MP: 3/8
  3817 | D:3      | Found a glowing silver altar of Zin.
  3817 | D:3      | Noticed an angel
  3818 | D:3      | Found a shimmering altar of Xom.
  4026 | D:3      | Reached skill level 2 in Charms
  4038 | D:3      | Killed Manman's ghost
  4714 | D:4      | Reached XP level 6. HP: 37/41 MP: 7/9
  4759 | D:4      | Got a heavily runed wooden ring
  4760 | D:4      | Identified the ring of Waxuolo {-Tele +Fly rPois MP+9 Dex+5} (You found it on level 4 of the Dungeon)
  4852 | D:4      | Reached skill level 3 in Charms
  5081 | D:4      | HP: 5/41 [ogre/giant club (29)]
  5093 | D:4      | Slain by an ogre

Vault maps used:
D:1:      ncdulo_lavacross, dk_noncrumbling_4
D:2:      nicolae_tso_carved_into_rock, chequers_ecumenical_altar_twisty,
          bloody_makhleb
D:3:      grunt_temple_overflow_order_and_chaos_1
D:4:      fedhas_altar_4, serial_shops, nicolae_shop_stone, first_bread,
          minmay_misc_feat_tiny

Skill      XL: |  1  2  3  4  5  6 |
---------------+-------------------+-----
Dodging        | 3 4 |  4.9
Conjurations   | 1 2 |  2.0
Ice Magic      | 4 |  4.8
Charms         | 1 2 3 |  3.2
Stealth        | |  2.1
Spellcasting   | |  2.0

Action                   |  1- 3 |  4- 6 || total
-------------------------+-------+-------++-------
Melee: Unarmed           |    21 |       ||    21
       Dagger            |   115 |   125 ||   240
 Cast: Freeze            |    37 |    27 ||    64
       Throw Frost       |     3 |     1 ||     4
       Ozocubu's Armour  |       |     3 ||     3
  Use: Potion            |     4 |       ||     4
       Scroll            |       |     7 ||     7
 Stab: Sleeping          |     1 |     5 ||     6
       Distracted        |       |     1 ||     1
  Eat: Chunk             |     6 |     7 ||    13
       Royal jelly       |       |     1 ||     1
Armor: Robe              |    36 |       ||    36
       Leather armour    |     6 |    47 ||    53
Dodge: Dodged            |   161 |   101 ||   262

Table legend:
 A = Spawn XP
 B = Non-spawn XP
 C = Spawn XP percentage of total XP
 D = Spawn monster count
 E = Non-spawn monster count
 F = Spawn count percentage of total count
 G = Total turns spent on level
                    A         B        C        D         E        F      G
               +---------+---------+-------+---------+---------+-------+---------
         Total |       0 |     391 |   0.0 |       0 |      79 |   0.0 |  5093
               +---------+---------+-------+---------+---------+-------+---------
           D:1 |       0 |      51 |   0.0 |       0 |      26 |   0.0 |  1853
           D:2 |       0 |      51 |   0.0 |       0 |      19 |   0.0 |  1342
           D:3 |       0 |     179 |   0.0 |       0 |      26 |   0.0 |  1489
           D:4 |       0 |     110 |   0.0 |       0 |       8 |   0.0 |   409
               +---------+---------+-------+---------+---------+-------+---------

Vault maps used:
D:1:      ncdulo_lavacross, dk_noncrumbling_4
D:2:      nicolae_tso_carved_into_rock, chequers_ecumenical_altar_twisty,
          bloody_makhleb
D:3:      grunt_temple_overflow_order_and_chaos_1
D:4:      fedhas_altar_4, serial_shops, nicolae_shop_stone, first_bread,
          minmay_misc_feat_tiny

Table legend:
 A = Turns spent in this place as a percentage of turns spent in the entire game.
 B = Non-inter-level travel turns spent in this place as a percentage of non-inter-level travel turns spent in the entire game.
 C = Inter-level travel turns spent in this place as a percentage of turns spent in this place.
 D = Turns resting spent in this place as a percentage of non-inter-level travel turns spent in this place.
 E = Turns spent auto-exploring this place as a percentage of non-inter-level travel turns spent in this place.
 F = Non-inter-level travel turns spent in this place divided by the number of levels of this place that you've seen.
                   A       B       C       D       E      F
               +-------+-------+-------+-------+-------+----------------------
         Total | 100.0 | 100.0 |   2.4 |  42.9 |  39.8 | 1243.2
       Dungeon | 100.0 | 100.0 |   2.4 |  42.9 |  39.8 | 1243.2
               +-------+-------+-------+-------+-------+----------------------

Table legend:
 A = Kills in this place as a percentage of kills in entire the game.
 B = Kills by you in this place as a percentage of kills by you in the entire game.
 C = Kills by friends in this place as a percentage of kills by friends in the entire game.
 D = Other kills in this place as a percentage of other kills in the entire game.
 E = Experience gained in this place as a percentage of experience gained in the entire game.
 F = Experience gained in this place divided by the number of levels of this place that you have seen.
                   A       B       C       D       E      F
               +-------+-------+-------+-------+-------+----------------------
         Total | 100.0 | 100.0 |   N/A |   N/A | 100.0 |  97.8
       Dungeon | 100.0 | 100.0 |   N/A |   N/A | 100.0 |  97.8
               +-------+-------+-------+-------+-------+----------------------
